AoeStats
← 739697286

Nomad

507055165Analyzed
4v4 RM · 17d ago on Sep 16, 2026· 32m 32s· 8 players
Game mode
Random Map
Map size
231×231
Population
200
Speed
Normal
Resources
Standard
Victory
Conquest
Starting age
Dark Age
Ending age
Imperial Age
RankedLock teamsTeams togetherTeam positionsShared explorationLock speedFull tech treeHidden civsTurbo modeCheats
Victory
Defeat
🇯🇵 Saracens · Japan
1553
+12
🇹🇷 Spanish · Türkiye
1506
+14
🇨🇳 Persians · China
1492
+15
🇫🇷 Koreans · France
1425
+18
🇨🇳 Berbers · China
1495
-16
🇨🇳 Malay · China
1484
-15
🇹🇼 Poles · Taiwan
1477
-15
🇹🇼 Mongols · Taiwan
1419
-13
Guilter
4:40 Loom
14:46 Feudal Age
19:29 Castle Age
18:03 Double-Bit Axe
20:23 Bow Saw
19:54 Horse Collar
20:22 Horse Collar
22:25 Heavy Plow
25:36 Wheelbarrow
26:10 Town Watch
29:40 Forging
29:35 Scale Barding Armor
30:24 Bloodlines
30:15 Husbandry
五花馬肉乾妹妹
12:56 Feudal Age
14:29 Loom
17:27 Castle Age
15:57 Fletching
15:54 Double-Bit Axe
18:25 Bodkin Arrow
18:42 Bow Saw
19:36 Gold Mining
20:43 Horse Collar
24:38 Padded Archer Armor
姬七兮
4:18 Loom
12:19 Feudal Age
13:08 Double-Bit Axe
16:06 Town Watch
23:09 Castle Age
21:49 Fletching
24:41 Bodkin Arrow
26:29 Bloodlines
27:34 Ballistics
28:48 Horse Collar
30:05 Padded Archer Armor
30:15 Husbandry
Kaiser Ze
3:40 Loom
16:00 Feudal Age
15:54 Gold Mining
16:40 Fishing Lines
25:20 Castle Age
Rocgash
4:29 Loom
14:10 Feudal Age
14:57 Double-Bit Axe
21:00 Wheelbarrow
24:13 Castle Age
22:12 Fletching
24:33 Stone Mining
24:57 Bodkin Arrow
25:26 Medium Warships
33:14 Imperial Age
33:31 Imperial Age
32:40 Ballistics
god comic
5:49 Loom
6:14 Loom
13:38 Feudal Age
15:03 Double-Bit Axe
19:30 Gold Mining
20:07 Forging
23:05 Castle Age
22:56 Stone Mining
24:18 Medium Warships
23:53 Fishing Lines
23:34 Demolition Ship
24:43 Gillnets
30:27 Imperial Age
30:42 Scale Barding Armor
30:29 Town Watch
31:20 Wheelbarrow
31:50 Fletching
739697286
5:03 Loom
14:52 Feudal Age
19:34 Castle Age
20:15 Medium Warships
20:19 Horse Collar
29:20 Bloodlines
28:30 Light Cavalry
29:21 Bloodlines
29:57 Forging
29:52 Scale Barding Armor
29:57 Forging
29:53 Scale Barding Armor
vela
4:07 Loom
12:26 Feudal Age
16:56 Castle Age
15:19 Stone Mining
16:54 Double-Bit Axe
17:16 Town Watch
17:52 Fletching
18:17 Bow Saw
19:58 Horse Collar
26:49 Padded Archer Armor
29:47 Leather Archer Armor
30:11 Wheelbarrow
30:07 Fishing Lines
Connection lost

Rejoining the realm…

Still unreachable

The connection could not be restored.

Session expired

The server has moved on; the page needs a fresh start.